 Dungeon Crawl Stone Soup version 0.31-a0-183-g4352c244c2 (webtiles) character file.

Game seed: 12512748261971011206

356 AvylaarBelgium the Conjurer (level 6, -1/33 HPs)
             Began as a Deep Elf Conjurer on June 22, 2023.
             Slain by an adder zombie (2 damage)
             ... in an ossuary.
             The game lasted 00:06:56 (2592 turns).

AvylaarBelgium the Conjurer (Deep Elf Conjurer)     Turns: 2592, Time: 00:06:58

Health: -1/33      AC:  3    Str:  9 (10) XL:     6   Next: 36%
Magic:  2/17       EV: 12    Int: 22 (25) God:
Gold:   236        SH:  0    Dex: 12 (13) Spells: 10/17 levels left

rFire   . . .        o - +0 falchion
rCold   . . .        (no shield)
rNeg    . . .        a - +0 robe
rPois   .            (no helmet)
rElec   .            (no cloak)
rCorr   .            (no gloves)
SInv    .            r - +0 pair of boots
Will    .....        (no amulet)
Stlth   ++           n - +6 ring of strength
HPRegen 0.25/turn    (no ring)
MPRegen 0.15/turn

%: no passive effects
@: marked, very slightly contaminated, hasted and slowed
A: sense surroundings 1, teleportitis 1, inability to read after injury 1
a: no special abilities


You were in an ossuary.
You visited 1 branch of the dungeon, and saw 5 of its levels.
You also visited: Ossuary.

You collected 236 gold pieces.

Inventory:

Hand Weapons
 o - a +0 falchion (weapon)
Armour
 a - a +0 robe (worn)
 r - a +0 pair of boots (worn)
Jewellery
 n - a +6 ring of strength (left hand)
Scrolls
 c - a scroll of brand weapon {unknown}
 d - 2 scrolls of identify {unknown}
 e - 2 scrolls of amnesia
 h - a scroll of teleportation {unknown}
 k - a scroll of immolation {unknown}
 l - a scroll of vulnerability {unknown}
 m - a scroll of fog {unknown}
 q - a scroll of noise {unknown}
Potions
 b - a potion of magic
 j - a potion of mutation
 p - a potion of berserk rage {unknown}


   Skills:
 + Level 0.4 Fighting
 - Level 2.4 Dodging
 - Level 2.4 Stealth
 + Level 6.1 Spellcasting
 + Level 7.1 Conjurations


You had 10 spell levels left.
You knew the following spells:

 Your Spells              Type           Power      Damage    Failure   Level
a - Magic Dart            Conj           100%       1d8       1%          1
b - Searing Ray           Conj           74%        2d7       1%          2
c - Fulminant Prism       Conj/Hex       11%        3d9       21%         4

Your spell library contained the following spells:

 Spells                   Type           Power      Damage    Failure   Level
 Dazzling Flash           Conj/Hex       44%        N/A       6%          3
 Lesser Beckoning         Tloc           12%        N/A       14%         2
 Iskenderun's Mystic Bla  Conj/Tloc      22%        2d6       22%         4
 Gell's Gravitas          Tloc           6%         N/A       26%         3
 Summon Guardian Golem    Hex/Summ       6%         N/A       26%         3
 Teleport Other           Tloc           6%         N/A       26%         3
 Tukima's Dance           Hex            6%         N/A       26%         3
 Passage of Golubria      Tloc           6%         N/A       65%         4
 Yara's Violent Unravell  Hex/Tmut       3%         3d4       94%         5
 Orb of Destruction       Conj           18%        9d8       99%         7
 Spellforged Servitor     Conj/Summ      11%        N/A       100%        7


Dungeon Overview and Level Annotations

Branches:
Dungeon (5/15)            Ossuary (1/1)
 Temple: D:4-7

Altars:
Gozag
Hepliaklqana

Shops:
D:1 (


Innate Abilities, Weirdness & Mutations

You passively map a small area around you.
You are occasionally teleported next to monsters.
You occasionally lose the ability to read scrolls when taking damage.


Message History

Unknown command.
It was a potion of mutation.
You feel extremely strange.
You feel a strange attunement to the structure of the dungeons.
You feel weirdly uncertain.
You occasionally lose the ability to read scrolls when taking damage.
The jackal zombie misses you. The centaur zombie misses you.
The centaur zombie kicks you but does no damage.
The centaur zombie hits you.
* * * LOW HITPOINT WARNING * * *
The centaur zombie completely misses you.
The jackal zombie barely misses you.
Your fulminant prism explodes!
The blast of energy engulfs the human zombie!!
The human zombie is severely damaged.
The blast of energy engulfs the mummy!
You destroy the mummy!
The blast of energy engulfs the kobold zombie!
The kobold zombie is severely damaged.
The blast of energy engulfs the jackal zombie!!
You destroy the jackal zombie!
Unknown command.
Unknown command.
It was a potion of haste.
You feel yourself speed up. The centaur zombie hits you.
* * * LOW HITPOINT WARNING * * *
The centaur zombie kicks you.
* * * LOW HITPOINT WARNING * * *
A kobold zombie comes into view.
The adder zombie barely misses you. The centaur zombie hits you.
* * * LOW HITPOINT WARNING * * *
The centaur zombie barely misses you. The kobold zombie barely misses you.
The adder zombie closely misses you.
Unknown command.
It was a potion of degeneration.
There was something very wrong with that liquid.
You feel weakened.
You feel dopey.
You feel clumsy. The centaur zombie misses you.
The centaur zombie kicks you but does no damage.
The kobold zombie closely misses you. The adder zombie bites you.
You die...

#...#.####..####.#
#...#..Z.........#
,,
#...#.####..Z....#
#...# #.......#
#...# #..Z....#
#...######.∩Z.Z..#
*
#...#......ZZZ####
#...#.####ZZZ#..Z#
#...#, #ZZ@#


ZZ# #...##############. #.................. , #.........∩∩.......
################### You could see 2 adder zombies, a hobgoblin zombie, 4 kobold
zombies, an orc zombie, 3 centaur zombies and a human zombie.

Vanquished Creatures
  An ogre (D:5)
  A jelly (D:5)
  An orc priest (D:3)
  An iguana (D:4)
  An orc wizard (D:2)
  3 mummies
  5 adders
  2 dart slugs
  2 worms (D:2)
  6 orcs
  2 endoplasms
  2 giant cockroaches
  8 goblins
  3 hobgoblins
  4 kobolds
  3 quokkas
  4 ball pythons
  4 bats
  A frilled lizard (D:2)
  2 goblin zombies (Ossuary)
  11 hobgoblin zombies
  2 jackal zombies (Ossuary)
  2 kobold zombies (Ossuary)
  6 orc zombies
  2 rats (D:2)
79 creatures vanquished.

Vanquished Creatures (others)
  2 fulminant prisms (Ossuary)
2 creatures vanquished.

Grand Total: 81 creatures vanquished

Notes
Turn   | Place    | Note
-------+----------+-------------------------------------------
     0 | D:1      | AvylaarBelgium the Deep Elf Conjurer began the quest for
                  | the Orb.
     0 | D:1      | Reached XP level 1. HP: 10/10 MP: 6/6
    50 | D:1      | Found Ybrov's Antique Weapon Shop.
   249 | D:1      | Reached XP level 2. HP: 15/15 MP: 5/8
   272 | D:1      | Reached skill level 5 in Conjurations
   548 | D:2      | Reached XP level 3. HP: 19/19 MP: 3/9
  1292 | D:2      | Reached XP level 4. HP: 24/24 MP: 9/11
  1541 | D:3      | Reached skill level 6 in Conjurations
  1544 | D:3      | Found a hazy altar of Hepliaklqana.
  1663 | D:2      | Reached XP level 5. HP: 4/28 MP: 4/13
  1797 | D:3      | Learned a level 2 spell: Searing Ray
  2092 | D:3      | You fall into a shaft and drop 2 floors!
  2092 | D:5      | Entered Level 5 of the Dungeon
  2118 | D:5      | Noticed an ogre
  2160 | D:5      | Killed an ogre
  2161 | D:5      | Reached skill level 5 in Spellcasting
  2161 | D:5      | Reached XP level 6. HP: 32/32 MP: 9/16
  2329 | D:4      | Learned a level 4 spell: Fulminant Prism
  2333 | D:4      | Learned a level 3 spell: Gell's Gravitas
  2348 | D:4      | Found an opulent altar of Gozag.
  2368 | D:4      | Reached skill level 7 in Conjurations
  2427 | D:4      | Found a sand-covered staircase.
  2508 | Ossuary  | Entered an ossuary
  2590 | Ossuary  | Gained mutation: You passively map a small area around you.
                  | [potion of mutation]
  2590 | Ossuary  | Gained mutation: You are occasionally teleported next to
                  | monsters. [potion of mutation]
  2590 | Ossuary  | Gained mutation: You occasionally lose the ability to read
                  | scrolls when taking damage. [potion of mutation]
  2591 | Ossuary  | HP: 1/33 [centaur zombie (2)]
  2592 | Ossuary  | Slain by an adder zombie

Illustrated notes

Levels and vault maps discovered:
D:1:      amcnicky_arrival_gap_in_the_tavern_cellar, layout_rooms, serial_shops,
          nicolae_shop_gibbet_a_chance
D:2:      layout_basic
D:3:      layout_loops_ring, mainiacjoe_overflow_alcove_1
D:4:      layout_basic, grunt_gozag_statues, minmay_temple_entry_gardened_gates,
          nicolae_ossuary_entry_giza, minmay_between
D:5:      layout_gridville, nicolae_ru_path_of_blood, uniq_eustachio
Ossuary:  ossuary_tomb_1

Skill      XL: |  1  2  3  4  5  6 |
---------------+-------------------+-----
Conjurations   | 5 6 7 |  7.1
Spellcasting   | 4 5 6 |  6.1
Fighting       | |  0.4
Dodging        | |  2.4
Stealth        | |  2.4

Action                     |  1- 3 |  4- 6 || total
---------------------------+-------+-------++-------
  Melee: Unarmed           |       |     1 ||     1
         Falchion          |       |    17 ||    17
         Punch             |       |     1 ||     1
   Cast: Magic Dart        |    67 |    50 ||   117
         Searing Ray       |       |    11 ||    11
         Fulminant Prism   |       |     2 ||     2
    Use: Potion            |       |     3 ||     3
         Scroll            |       |     1 ||     1
 Armour: Robe              |       |    17 ||    17
  Dodge: Dodged            |     4 |    44 ||    48

Table legend: (Time is in decaauts)
 A = Elapsed time spent in this place.
 B = Non-inter-level travel time spent in this place.
 C = Inter-level travel time spent in this place.
 D = Time resting spent in this place.
 E = Time spent auto-exploring this place.
 F = Levels seen in this place.
 G = Mean time per level.
                   A        B        C        D        E       F      G
               +--------+--------+--------+--------+--------+-----+--------+
         Total |   2598 |   2569 |     29 |    551 |   1469 |   6 |  433.0 |
       Dungeon |   2508 |   2479 |     29 |    551 |   1459 |   5 |  501.6 |
       Ossuary |     89 |     89 |      0 |      0 |     10 |   1 |   89.0 |
               +--------+--------+--------+--------+--------+-----+--------+

Top non-repeatable levels by time:
     D:2: 959 daAuts
     D:3: 626 daAuts
     D:1: 507 daAuts
     D:5: 213 daAuts
     D:4: 200 daAuts
 Ossuary: 89 daAuts
